AoeStats
← sahlipablo

Arabia

509669795Analyzed
1v1 RM · 4d ago on Sep 27, 2026· 53m 27s· 2 players
Game mode
Random Map
Map size
Tiny (2 player)
Population
200
Speed
Normal
Resources
Standard
Victory
Conquest
Starting age
Dark Age
Ending age
Imperial Age
RankedLock teamsTeams togetherTeam positionsShared explorationLock speedFull tech treeHidden civsTurbo modeCheats
Victory
Defeat
🇺🇸 Goths · United States
591
+18
🇨🇱 Franks · Chile
631
-18
dumbledoresarmy
1:10 Loom
10:35 Feudal Age
12:11 Horse Collar
14:38 Double-Bit Axe
21:10 Castle Age
19:47 Wheelbarrow
19:44 Scale Mail Armor
19:41 Gold Mining
21:10 Man-at-Arms
21:44 Fletching
22:19 Stone Mining
22:17 Town Watch
23:01 Long Swordsman
23:42 Squires
24:22 Bow Saw
26:27 Ballistics
26:41 Heavy Plow
27:52 Forging
27:45 Bodkin Arrow
28:49 Chain Mail Armor
29:22 Iron Casting
31:55 Hand Cart
32:23 Stone Shaft Mining
32:36 Treadmill Crane
32:52 Murder Holes
33:27 Town Patrol
34:11 Anarchy
35:27 Padded Archer Armor
38:45 Imperial Age
37:20 Elite Skirmisher
38:28 Leather Archer Armor
40:06 Ring Archer Armor
39:37 Bracer
41:06 Two-Man Saw
40:49 Crop Rotation
39:50 Two-Handed Swordsman
40:18 Pikeman
41:51 Conscription
43:17 Chemistry
42:29 Masonry
43:43 Champion
46:39 Blast Furnace
46:35 Halberdier
49:45 Perfusion
sahlipablo
11:38 Feudal Age
11:50 Loom
12:09 Arson
13:03 Wheelbarrow
13:46 Double-Bit Axe
14:33 Gold Mining
20:52 Castle Age
18:45 Stone Mining
21:57 Hand Cart
22:26 Bow Saw
22:54 Gold Shaft Mining
23:11 Husbandry
33:11 Masonry
32:41 Treadmill Crane
32:57 Murder Holes
33:23 Ballistics
33:01 Ordonnance Companies
37:57 Imperial Age
35:25 Fletching
35:46 Forging
35:42 Scale Barding Armor
39:27 Hoardings
41:16 Cavalier
41:21 Elite Throwing Axeman
42:02 Chivalry
42:22 Conscription
47:18 Architecture
46:53 Siege Engineers
47:50 Chemistry
46:35 Arrowslits
Connection lost

Rejoining the realm…

Still unreachable

The connection could not be restored.

Session expired

The server has moved on; the page needs a fresh start.